 Dungeon Sprint DCSS version 0.22.1-57-g7394efd48c (webtiles) character file.

13900000 Jannitor the Blood Saint (level 27, -46/266 HPs)
             Began as a Demonspawn Warper on Mar 22, 2019.
             Was the Champion of Makhleb.
             Annihilated by a meat berserker
             ... wielding a +9 battleaxe
              (61 damage)
             ... in the Dungeon (Sprint VIII: "Arena of Blood").
             The game lasted 00:05:10 (139 turns).

Jannitor the Blood Saint (Demonspawn Warper)         Turns: 139, Time: 00:05:11

Health: -46/266    AC:  9    Str: 15    XL:     27
Magic:  35/54      EV: 36    Int: 15    God:    Makhleb [******]
Gold:   0          SH:  0    Dex: 22    Spells: 80/80 levels left

rFire    + . .     SeeInvis +   c - +∞ Axe of Woe
rCold    . . .     Gourm    .   (shield currently unavailable)
rNeg     + . .     Faith    .   b - +0 leather armour
rPois    .         Spirit   .   (no helmet)
rElec    .         Reflect  .   (no cloak)
rCorr    .         Harm     .   (no gloves)
MR       ++...     NoTele   +   (boots unavailable)
Stlth    +++++++++.             (no amulet)
HPRegen  0.54/turn              l - ring of see invisible
MPRegen  0.34/turn              (no ring)

@: lethally poisoned (-46 -> -67), hasted and slowed
A: hooves 3, rugged brown scales 3, demonic guardian 3, fire resistance 1,
ignite blood, negative energy resistance 1, 50% torment resistance, black mark,
flame cloud immunity
a: Minor Destruction, Lesser Servant of Makhleb, Major Destruction, Greater
Servant of Makhleb, Renounce Religion


You were in the Dungeon.
You worshipped Makhleb.
Makhleb was exalted by your worship.
You were not hungry.

You visited 1 branch

Inventory:

Hand Weapons
 a - a +0 hand axe
 c - the +∞ Axe of Woe (weapon)
   (You found it in the Dungeon)
Missiles
 e - 5 tomahawks of dispersal (quivered)
Armour
 b - a +0 leather armour (worn)
Jewellery
 l - a ring of see invisible (left hand)
Scrolls
 d - a scroll of blinking
Potions
 g - a potion of curing
 h - a potion of heal wounds
 j - 2 potions of magic
 k - a potion of berserk rage
Comestibles
 f - a ration


   Skills:
 O Level 27 Fighting
 O Level 27 Axes
 O Level 27 Throwing
 O Level 27 Armour
 O Level 27 Dodging
 O Level 27 Stealth
 O Level 27 Unarmed Combat
 O Level 27 Spellcasting
   Level 2.6 Translocations
 O Level 27 Invocations


You had 80 spell levels left.
You didn't know any spells.
Your spell library contained the following spells:

 Spells                   Type           Power        Failure   Level  Hunger
 Blink                    Tloc           N/A          1%          2    None
 Shroud of Golubria       Chrm/Tloc      ###.......   1%          2    None
 Gell's Gravitas          Tloc           ####......   1%          3    None
 Lesser Beckoning         Tloc           ####......   1%          3    None
 Teleport Other           Tloc           ####....     1%          3    None
 Passage of Golubria      Tloc           N/A          6%          4    None


Dungeon Overview and Level Annotations

Branches:
Dungeon (1/1)

Altars:
Makhleb


Innate Abilities, Weirdness & Mutations

You have hooves in place of feet.
You are completely covered in rugged brown scales. (AC +3, +7% HP)
A powerful demonic guardian rushes to your aid.
Your flesh is heat resistant. (rF+)
Your demonic aura causes spilled blood to erupt in flames.
You resist negative energy. (rN+)
You are somewhat able to resist unholy torments (1 in 2 success).
Your melee attacks may debilitate your foes.
You are immune to clouds of flame.


Message History

Something smites you!
The meat berserker hits you with a +9 battleaxe!!!
You hear a shout!
The meat beast is engulfed in blazing flames.
Makhleb accepts your kill.
You feel better.
You feel a bit more experienced.
The accursed points at you and mumbles some strange words.
Something smites you!
The corpse begins to drag itself along the ground! x2
You hear a shout!
The fleshlord hits you with a +9 great mace!!!!!
Ouch! That really hurt!
* * * LOW HITPOINT WARNING * * *
The destroyer blinks!
The fleshlord gestures wildly while chanting.
The fleshlord seems to speed up.
You hear a shout!
The meat berserker is engulfed in blazing flames.
The meat berserker hits you with a +9 battleaxe!!!
You die...

#.....##....#.......#.....#)§)
#....#§.....§.#........_...).)
#....#§......§........###..)z)
#...........§§o..###......x###
#........%..§%.z%..#.......#.)
#..)...)§§x§§..§...#....V..#..
#...).p§.)#2§§...........§...)
#...)))§)#.#p#pXpzp..........)
#...)§§§.)#§#@p..............)
#..###oo.#S#O#o2.......%....##
#.%%§#o..o#M#.V§..#........#))
#...§)..)oW................#XL
#.....).##W......##.#W.....oX.
####.....##OM....M.Wo.....))W.
####..W)).####o...#...XL###
####2X............)....#
####..........)).....


You could see 2 accurseds, a meat beast, a reaper, a destroyer, 5 fleshlords, 2
sculptors of flesh, a large abomination, 2 dreads, a meat berserker (berserk), 5
bags of meat and a crawling corpse.

Vanquished Creatures
  2 hell knights (D)
  Sigmund (D)
  A hell beast (D)
  2 greater mummies (D)
  2 great orbs of eyes (D)
  4 wraiths (D)
  Harold (D)
  12 vampire knights (D)
  30 ogres (D)
  11 two-headed ogres (D)
  6 liches (D)
  A hydra (D)
  64 orcs (D)
  A phantom (D)
  5 skeletal warriors (D)
  3 sea snakes (D)
  2 large abominations (D)
  5 small abominations (D)
  9 crawling corpses (D)
162 creatures vanquished.

Vanquished Creatures (collateral kills)
  An orc (D)
1 creature vanquished.

Vanquished Creatures (others)
  A hydra (D)
  An orc (D)
  8 crawling corpses (D)
10 creatures vanquished.

Grand Total: 173 creatures vanquished

Notes
Turn   | Place    | Note
-------+----------+-------------------------------------------
     0 | D        | Found the +∞ Axe of Woe
     0 | D        | Jannitor the Demonspawn Warper began the quest for the Orb.
     0 | D        | Reached XP level 1. HP: 16/16 MP: 3/3
     2 | D        | Noticed a bag of meat
     4 | D        | Became a worshipper of Makhleb the Destroyer
     4 | D        | Noticed a bag of meat
     4 | D        | Noticed a meat berserker
     5 | D        | Noticed a bag of meat
     6 | D        | Noticed a bag of meat
     6 | D        | Noticed a bag of meat
     7 | D        | Noticed a meat berserker
     8 | D        | Noticed a meat berserker
     9 | D        | Killed a meat berserker
     9 | D        | Gained mutation: Your flesh is heat resistant. (rF+)
                  | [demonic ancestry]
     9 | D        | Reached XP level 2. HP: 40/40 MP: 3/11
     9 | D        | Reached XP level 3. HP: 46/46 MP: 3/12
     9 | D        | Reached XP level 4. HP: 53/53 MP: 3/14
     9 | D        | Gained mutation: A weak demonic guardian rushes to your
                  | aid. [demonic ancestry]
     9 | D        | Reached XP level 5. HP: 59/59 MP: 3/15
     9 | D        | Reached XP level 6. HP: 66/66 MP: 3/17
     9 | D        | Gained mutation: You are immune to clouds of flame.
                  | [demonic ancestry]
     9 | D        | Reached XP level 7. HP: 72/72 MP: 3/18
     9 | D        | Gained mutation: You have large cloven feet. [demonic
                  | ancestry]
     9 | D        | Reached XP level 8. HP: 79/79 MP: 3/20
     9 | D        | Gained mutation: You have hoof-like feet. [demonic
                  | ancestry]
     9 | D        | Reached XP level 9. HP: 85/85 MP: 3/21
     9 | D        | Gained mutation: You have hooves in place of feet. [demonic
                  | ancestry]
     9 | D        | Reached XP level 10. HP: 92/92 MP: 3/22
     9 | D        | Reached XP level 11. HP: 98/98 MP: 3/23
     9 | D        | Gained mutation: You resist negative energy. (rN+) [demonic
                  | ancestry]
     9 | D        | Reached XP level 12. HP: 105/105 MP: 3/24
     9 | D        | Reached XP level 13. HP: 111/111 MP: 3/25
     9 | D        | Noticed a bag of meat
     9 | D        | Noticed a bag of meat
    10 | D        | Killed a bag of meat
    10 | D        | Reached * piety under Makhleb
    10 | D        | Killed a bag of meat
    10 | D        | Reached skill level 15 in Fighting
    10 | D        | Reached skill level 15 in Stealth
    10 | D        | Reached XP level 14. HP: 70/123 MP: 3/27
    10 | D        | Killed a meat berserker
    10 | D        | Reached skill level 15 in Axes
    10 | D        | Reached skill level 15 in Armour
    10 | D        | Reached skill level 15 in Dodging
    10 | D        | Reached skill level 15 in Unarmed Combat
    10 | D        | Reached XP level 15. HP: 133/133 MP: 3/29
    10 | D        | Reached ** piety under Makhleb
    11 | D        | Noticed a meat berserker
    12 | D        | Killed a meat berserker
    12 | D        | Reached XP level 16. HP: 111/145 MP: 3/31
    12 | D        | Reached *** piety under Makhleb
    12 | D        | Noticed a meat berserker
    12 | D        | Noticed a destroyer
    13 | D        | Noticed a meat berserker
    14 | D        | Killed a meat berserker
    14 | D        | Gained mutation: You are partially covered in rugged brown
                  | scales. (AC +1, +3% HP) [demonic ancestry]
    14 | D        | Reached XP level 17. HP: 150/161 MP: 4/33
    14 | D        | Noticed a large bag of meat
    15 | D        | Noticed a meat berserker
    17 | D        | Killed a destroyer
    17 | D        | Reached **** piety under Makhleb
    17 | D        | Reached skill level 27 in Invocations
    17 | D        | Reached XP level 18. HP: 175/175 MP: 5/35
    18 | D        | Killed a meat berserker
    18 | D        | Reached ***** piety under Makhleb
    18 | D        | Gained mutation: You are mostly covered in rugged brown
                  | scales. (AC +2, +5% HP) [demonic ancestry]
    18 | D        | Reached XP level 19. HP: 180/191 MP: 5/36
    19 | D        | Killed a meat berserker
    19 | D        | Noticed a destroyer
    19 | D        | Noticed a meat berserker
    20 | D        | Killed a meat berserker
    20 | D        | Reached skill level 27 in Fighting
    20 | D        | Reached skill level 27 in Stealth
    20 | D        | Gained mutation: You are somewhat able to resist unholy
                  | torments (1 in 2 success). [demonic ancestry]
    20 | D        | Reached XP level 20. HP: 179/206 MP: 5/37
    22 | D        | Reached ****** piety under Makhleb
    22 | D        | Reached skill level 27 in Axes
    22 | D        | Reached skill level 27 in Armour
    22 | D        | Reached skill level 27 in Dodging
    22 | D        | Reached skill level 27 in Unarmed Combat
    22 | D        | Noticed a large bag of meat
    22 | D        | Noticed a large bag of meat
    23 | D        | Killed a destroyer
    23 | D        | Gained mutation: A demonic guardian rushes to your aid.
                  | [demonic ancestry]
    23 | D        | Reached XP level 21. HP: 214/214 MP: 6/42
    24 | D        | Noticed a large bag of meat
    26 | D        | Gained mutation: Your demonic aura causes spilled blood to
                  | erupt in flames. [demonic ancestry]
    26 | D        | Reached XP level 22. HP: 222/222 MP: 7/49
    27 | D        | Killed a large bag of meat
    28 | D        | Reached skill level 27 in Throwing
    28 | D        | Reached skill level 27 in Spellcasting
    28 | D        | Killed a large bag of meat
    29 | D        | Reached XP level 23. HP: 229/229 MP: 7/54
    29 | D        | Noticed The Servant
    30 | D        | Noticed a large bag of meat
    31 | D        | Killed a large bag of meat
    32 | D        | Killed a large bag of meat
    32 | D        | Reached XP level 24. HP: 225/238 MP: 8/54
    33 | D        | Noticed a destroyer
    33 | D        | Gained mutation: A powerful demonic guardian rushes to your
                  | aid. [demonic ancestry]
    33 | D        | Reached XP level 25. HP: 245/245 MP: 8/54
    34 | D        | Killed a destroyer
    35 | D        | Noticed a destroyer
    36 | D        | Gained mutation: You are completely covered in rugged brown
                  | scales. (AC +3, +7% HP) [demonic ancestry]
    36 | D        | Reached XP level 26. HP: 245/258 MP: 9/54
    37 | D        | Noticed a large bag of meat
    38 | D        | Killed a large bag of meat
    39 | D        | Killed a destroyer
    41 | D        | Killed The Servant
    41 | D        | Gained mutation: Your melee attacks may debilitate your
                  | foes. [demonic ancestry]
    41 | D        | Reached XP level 27. HP: 216/266 MP: 11/54
    41 | D        | Noticed a destroyer
    43 | D        | Noticed a destroyer
    44 | D        | Noticed a destroyer
    48 | D        | Killed a large bag of meat
    48 | D        | Killed a destroyer
    49 | D        | Noticed a large bag of meat
    50 | D        | Noticed a large bag of meat
    53 | D        | Noticed an accursed
    53 | D        | Noticed a destroyer
    53 | D        | Noticed a tyrant
    54 | D        | Noticed a destroyer
    55 | D        | Killed a destroyer
    56 | D        | Killed a large bag of meat
    58 | D        | Noticed a tyrant
    59 | D        | Noticed The Captor
    61 | D        | Killed The Captor
    61 | D        | Killed a destroyer
    62 | D        | Noticed a destroyer
    63 | D        | Killed an accursed
    63 | D        | Killed a large bag of meat
    65 | D        | Noticed a dread
    66 | D        | Noticed a dread
    67 | D        | Killed a destroyer
    68 | D        | Killed a destroyer
    69 | D        | Noticed a dread
    71 | D        | Killed a destroyer
    75 | D        | Killed a dread
    82 | D        | Noticed a destroyer
    82 | D        | Noticed a destroyer
    82 | D        | Noticed an accursed
    82 | D        | Noticed a meat beast
    82 | D        | Noticed a large bag of meat
    83 | D        | Noticed a dread
    86 | D        | Killed a meat beast
    89 | D        | Killed a destroyer
    91 | D        | Noticed a destroyer
    91 | D        | Noticed a large bag of meat
    92 | D        | Killed a tyrant
    96 | D        | Killed a dread
    96 | D        | Noticed a large bag of meat
    96 | D        | Noticed a dread
   107 | D        | Killed a large bag of meat
   109 | D        | Noticed a tyrant
   109 | D        | Noticed a dread
   111 | D        | Killed a dread
   113 | D        | Killed a tyrant
   117 | D        | Noticed a tyrant
   118 | D        | Killed a dread
   120 | D        | Killed a large bag of meat
   121 | D        | Noticed a large bag of meat
   121 | D        | Noticed a fleshlord
   122 | D        | Noticed a tyrant
   122 | D        | Noticed a tyrant
   123 | D        | Killed a tyrant
   124 | D        | Killed a destroyer
   126 | D        | Noticed a fleshlord
   126 | D        | Noticed a fleshlord
   130 | D        | Killed a tyrant
   130 | D        | Killed a large bag of meat
   131 | D        | Noticed an accursed
   133 | D        | Noticed a fleshlord
   133 | D        | Noticed a fleshlord
   133 | D        | Noticed a fleshlord
   134 | D        | Killed a tyrant
   135 | D        | Noticed a meat beast
   136 | D        | Killed a fleshlord
   136 | D        | Killed a fleshlord
   137 | D        | Noticed a fleshlord
   138 | D        | Killed an accursed
   138 | D        | Killed a tyrant
   139 | D        | Noticed an accursed
   139 | D        | Annihilated by a meat berserker

Skill      XL: |  1  2  3  4  5  6  7  8  9 10 11 12 13 14 15 16 17 18 19 20 21 22 |
---------------+-------------------------------------------------------------------+-----
Fighting       | 13 15 16 18 20 22 24 27 | 27.0
Axes           | 12 14 15 17 19 21 23 25 27 | 27.0
Armour         | 12 14 15 17 19 21 23 25 27 | 27.0
Dodging        | 12 14 15 17 19 21 23 25 27 | 27.0
Stealth        | 13 15 16 18 20 22 24 27 | 27.0
Unarmed Combat | 12 14 15 17 19 21 22 25 27 | 27.0
Invocations    | 16 18 20 23 25 27 | 27.0
Throwing       | 17 23 27 | 27.0
Spellcasting   | 17 23 27 | 27.0
Translocations | |  2.6

Action                   |  1- 3 |  4- 6 |  7- 9 | 10-12 | 13-15 | 16-18 | 19-21 | 22-24 | 25-27 || total
-------------------------+-------+-------+-------+-------+-------+-------+-------+-------+-------++-------
Melee: Executioner's axe |     1 |       |       |       |     2 |     3 |     7 |     6 |    55 ||    74
  Use: Scroll            |       |       |       |       |       |       |       |       |     1 ||     1
       Potion            |       |       |       |       |       |       |       |       |     1 ||     1
Armor: Leather armour    |       |       |       |       |       |       |       |       |     1 ||     1
Dodge: Dodged            |       |       |       |       |     1 |       |       |       |    17 ||    18
